 Dungeon Crawl Stone Soup version 0.27-a0-1529-g1e82c303ef (webtiles) character file.

Game seed: 10895302219392737595

164 senseless the Grave Robber (level 5, -8/35 HPs)
             Began as a Mummy Necromancer on July 12, 2021.
             Was a Believer of Cheibriados.
             Mangled by Sigmund (11 damage)
             ... on level 2 of the Dungeon.
             The game lasted 00:07:29 (2974 turns).

senseless the Grave Robber (Mummy Necromancer)      Turns: 2974, Time: 00:07:29

Health: -8/35      AC:  2    Str: 15    XL:     5   Next: 21%
Magic:  5/11       EV: 13    Int: 20    God:    Cheibriados [**....]
Gold:   103        SH:  0    Dex: 16    Spells: 7/12 levels left

rFire    x . .     SeeInvis .   d - +1 mace (drain)
rCold    + . .     Faith    .   (no shield)
rNeg     + + +     Spirit   .   a - +0 robe
rPois    ∞         Reflect  .   (no helmet)
rElec    .         Harm     .   (no cloak)
rCorr    .         Rampage  .   (no gloves)
Will     .....                  (no boots)
Stlth    +.........             (no amulet)
HPRegen  0.11/turn              (no ring)
MPRegen  0.12/turn              (no ring)

@: confused, very slow
A: cold resistance 1, negative energy resistance 3, torment resistance 2, heat
vulnerability 1, no potions
a: Renounce Religion, Bend Time


You were on level 2 of the Dungeon.
You worshipped Cheibriados.
Cheibriados was pleased with you.
You visited 1 branch of the dungeon, and saw 2 of its levels.

You collected 103 gold pieces.

Inventory:

Hand Weapons
 d - a +1 mace of draining (weapon)
Armour
 a - a +0 robe (worn)
Scrolls
 b - a scroll of immolation {unknown}
 c - a scroll of fog {unknown}
 e - 3 scrolls of identify {unknown}


   Skills:
 + Level 2.8 Dodging
 - Level 1.6 Stealth
 + Level 4.2 Spellcasting
 + Level 5.1 Necromancy


You had 7 spell levels left.
You knew the following spells:

 Your Spells              Type           Power      Damage    Failure   Level
a - Pain                  Necr           96%        1d8       1%          1
b - Animate Skeleton      Necr           48%        N/A       1%          1
c - Vampiric Draining     Necr           12%        2d7       4%          3

Your spell library contained the following spells:

 Spells                   Type           Power      Damage    Failure   Level
 Freeze                   Ice            16%        1d4       13%         1
 Animate Dead             Necr           12%        N/A       16%         4
 Frozen Ramparts          Ice            8%         1d2       36%         3
 Agony                    Necr           24%        N/A       38%         5
 Hailstorm                Conj/Ice       4%         3d4       77%         4


Dungeon Overview and Level Annotations

Branches:
Dungeon (2/15)

Altars:
Cheibriados

Shops:
D:2 *

Annotations:
D:2 Sigmund


Innate Abilities, Weirdness & Mutations

You are immune to poison.
Your flesh is cold resistant. (rC+)
You are immune to negative energy. (rN+++)
You are immune to unholy pain and torment.
You are vulnerable to heat. (rF-)
You do not drink.


Message History

Press: ? - help, Dir - move target, f - Sigmund
Aim: Sigmund, wielding a +0 scythe and wearing a +0 robe Attack!
Your hobgoblin skeleton crumbles into dust!
Sigmund writhes in agony.
Sigmund writhes in agony.
Sigmund writhes in agony.
Sigmund writhes in agony.
Sigmund gestures wildly while chanting.
Sigmund flickers and vanishes!
Deactivating autopickup; reactivate with Ctrl-A.
Casting: Pain (safe; 1% risk of failure)
Confirm with . or Enter, or press ? or * to list all spells.
You can't see any susceptible monsters within range! (Use Z to cast anyway.)
Casting: Pain (safe; 1% risk of failure)
Confirm with . or Enter, or press ? or * to list all spells.
Aiming: Pain (safe; 1% risk of failure)
Press: ? - help, Shift-Dir - straight line Something writhes in agony.
Something hits you!
Casting: Pain (safe; 1% risk of failure)
Confirm with . or Enter, or press ? or * to list all spells.
Aiming: Pain (safe; 1% risk of failure)
Press: ? - help, Shift-Dir - straight line Something writhes in agony!
A magic dart appears from out of thin air!
The magic dart hits you.
Casting: Pain (safe; 1% risk of failure)
Confirm with . or Enter, or press ? or * to list all spells.
Aiming: Pain (safe; 1% risk of failure)
Press: ? - help, Shift-Dir - straight line Something writhes in agony.
You hear some strange, mumbled words.
You are confused.
You're too confused to cast spells.
You're too confused to move!
Something barely misses you.
You're too confused to move!
Something hits you!
You're too confused to move!
Something hits you!
* * * LOW HITPOINT WARNING * * *
Something hits you!
You die...

#..........#
#...†......#
#..........#
#..........#
####.......####
####..........#
#.....).......#
#.....###.....#
#...@.# .....#
#...{.# .....#
#.....#########
##..........#
#...........#
#...........#
#...........#
#...........#
##..........#


There were no monsters in sight!

Vanquished Creatures
  Natasha (thrice) (D:2)
  2 adders (D:2)
  A gnoll (D:1)
  A worm (D:2)
  3 dart slugs (D:1)
  7 endoplasms
  2 giant cockroaches
  2 goblins
  5 hobgoblins
  6 jackals
  2 quokkas
  4 ball pythons
  5 bats
  A frilled lizard (D:1)
  4 kobolds
  3 rats (D:1)
51 creatures vanquished.

Notes
Turn   | Place    | Note
-------+----------+-------------------------------------------
     0 | D:1      | senseless the Mummy Necromancer began the quest for the
                  | Orb.
     0 | D:1      | Reached XP level 1. HP: 13/13 MP: 4/4
   513 | D:1      | Reached XP level 2. HP: 19/19 MP: 0/5
   828 | D:1      | Reached XP level 3. HP: 14/24 MP: 1/7
  1138 | D:1      | Found a faded altar of an unknown god.
  1142 | D:1      | Became a worshipper of Cheibriados the Contemplative
  1142 | D:1      | Reached * piety under Cheibriados
  1991 | D:1      | Learned a level 1 spell: Animate Skeleton
  1995 | D:1      | Learned a level 3 spell: Vampiric Draining
  2145 | D:2      | Reached XP level 4. HP: 30/30 MP: 6/9
  2249 | D:2      | Noticed Natasha
  2259 | D:2      | Killed Natasha
  2266 | D:2      | Reached ** piety under Cheibriados
  2423 | D:2      | Noticed Natasha
  2429 | D:2      | Killed Natasha
  2430 | D:2      | Reached skill level 5 in Necromancy
  2699 | D:2      | Found Piapoeco's Assorted Antiques.
  2770 | D:2      | Noticed Natasha
  2776 | D:2      | Killed Natasha
  2777 | D:2      | Reached XP level 5. HP: 35/35 MP: 4/11
  2911 | D:2      | Noticed Sigmund
  2974 | D:2      | Mangled by Sigmund

Illustrated notes

Levels and vault maps discovered:
D:1:      wheals_arrival_linesprint, layout_basic,
          shapermc_ecumenical_altar_venn, st_stairs_4, minmay_pentomino_q4
D:2:      layout_basic, serial_shops, shop, uniq_sigmund, uniq_natasha

Skill      XL: |  1  2  3  4 |
---------------+-------------+-----
Spellcasting   | 3 4 |  4.2
Dodging        | 2 |  2.8
Necromancy     | 5 |  5.1
Stealth        | |  1.6

Action                   |  1- 3 |  4- 6 || total
-------------------------+-------+-------++-------
Melee: Unarmed           |    13 |       ||    13
       Mace              |       |     6 ||     6
 Cast: Pain              |    71 |    44 ||   115
       Animate Skeleton  |     3 |     3 ||     6
Armor: Robe              |     6 |       ||     6
Dodge: Dodged            |    21 |    22 ||    43

Table legend: (Time is in decaauts)
 A = Elapsed time spent in this place.
 B = Non-inter-level travel time spent in this place.
 C = Inter-level travel time spent in this place.
 D = Time resting spent in this place.
 E = Time spent auto-exploring this place.
 F = Levels seen in this place.
 G = Mean time per level.
                   A        B        C        D        E       F      G
               +--------+--------+--------+--------+--------+-----+--------+
         Total |   3352 |   3238 |    114 |     54 |   2747 |   2 | 1676.0 |
       Dungeon |   3352 |   3238 |    114 |     54 |   2747 |   2 | 1676.0 |
               +--------+--------+--------+--------+--------+-----+--------+

Top non-repeatable levels by time:
     D:1: 2221 daAuts
     D:2: 1131 daAuts
